Map: Port Aleksander LE

Players

LiquidMaNa (MaNa)

  • Race: Protoss Protoss
  • League: Grandmaster
  • Spawn Location: 11:00

Lambo - Winner!

  • Race: Zerg Zerg
  • League: Grandmaster
  • Spawn Location: 5:00

VOD

Have the link to the VOD?

Description

Time

  • Played on: Jan. 10, 2019, 4:03 p.m.
  • Length: 14:19
Show
View Real Time Build Order
Export as new Build Order

LiquidMaNa Protoss 

Build Orders: 1 Gate Expand, Oracle Opening 

Get SALT Encoding   

  12  0:00  Probe  
  13  0:12  Probe  
  14  0:18  Pylon  
  14  0:24  Probe  
  15  0:32  Probe  
  15  0:39  Gateway  
  15  0:40  Probe  
  16  0:49  Assimilator  
  17  0:50  Probe  
  18  0:58  Probe  
  19  1:06  Probe  
  20  1:26  Nexus  
  20  1:37  Cybernetics Core  
  20  1:39  Probe  
  21  1:46  Assimilator  
  21  1:51  Probe  
  22  1:56  Pylon  
  22  2:03  Probe  
  22  2:05  Adept  
  25  2:16  Probe  
  25  2:20  Stargate  
  26  2:26  Stalker  
  26  2:27  Warp Gate  
  26  2:28  Probe  
  29  2:39  Probe  
  29  2:41  Probe  
  32  2:51  Probe  
  32  2:53  Probe  
  33  3:00  Oracle  
  36  3:06  Probe x2  
  38  3:22  Probe x2  
  40  3:30  Oracle  
  40  3:31  Gateway, Pylon  
  40  3:34  Probe x2  
  41  3:35  Assimilator  
  41  3:38  Assimilator  
  45  3:46  Probe  
  46  3:49  Probe  
  47  3:57  Probe  
  47  3:58  Stargate, Probe  
  49  4:06  Probe, Pylon  
  49  4:08  Phoenix  
  50  4:10  Probe  
  50  4:15  Pylon  
  50  4:16  Probe  
  53  4:24  Probe  
  55  4:25  Phoenix  
  55  4:28  Probe, Pylon  
  56  4:36  Probe  
  56  4:38  Phoenix  
  59  4:45  Probe  
  60  4:48  Probe  
  60  4:49  Adept  
  60  4:50  Adept, Phoenix  
  69  4:59  Pylon  
  70  5:01  Phoenix  
  70  5:07  Pylon  
  71  5:10  Phoenix  
  71  5:15  Nexus  
  73  5:24  Forge  
  73  5:27  Probe x2  
  74  5:36  Protoss Ground Weapons Level 1  
  74  5:41  Robotics Facility  
  74  5:43  Robotics Facility  
  74  5:46  Probe x2  
  76  5:50  Shield Battery  
  76  5:57  Sentry x2  
  76  5:58  Probe x2  
  82  6:10  Probe  
  83  6:15  Probe  
  84  6:19  Immortal  
  84  6:22  Probe  
  85  6:27  Probe  
  85  6:28  Immortal  
  90  6:34  Probe  
  90  6:35  Probe, Robotics Bay  
  90  6:39  Probe, Assimilator x2  
  97  6:46  Probe, Pylon  
  99  6:47  Probe  
  99  6:51  Probe  
  100  6:55  Zealot x2  
  100  6:59  Observer, Probe x2  
  100  7:00  Twilight Council  
  105  7:12  Probe x2  
  105  7:13  Colossus  
  107  7:18  Pylon  
  107  7:19  Pylon x2  
  105  7:22  Colossus  
  105  7:24  Protoss Ground Weapons Level 2, Extended Thermal Lance  
  117  7:32  Pylon x2  
  117  7:34  Pylon  
  117  7:36  Pylon  
  117  7:41  Charge  
  117  7:50  Probe x2  
  119  7:52  Pylon  
  119  7:59  Probe  
  119  8:02  Probe  
  119  8:04  Colossus  
  121  8:12  Probe  
  128  8:15  Immortal  
  125  8:22  Gateway  
  125  8:23  Gateway  
  125  8:24  Nexus  
  125  8:26  Pylon  
  125  8:28  Sentry x2  
  125  8:32  Gateway  
  129  8:34  Templar Archives, Gateway  
  129  8:41  Gateway x2  
  129  8:44  Gateway  
  129  8:45  Warp Prism  
  129  8:51  Warp Prism  
  129  8:54  Psionic Storm  
  133  9:07  Pylon  
  133  9:12  High Templar x2  
  137  9:18  High Templar x2  
  137  9:21  Photon Cannon  
  137  9:22  Observer  
  140  9:33  Zealot x2  
  140  9:34  Assimilator  
  144  9:38  Assimilator  
  144  9:43  Observer  
  145  9:51  High Templar x3  
  145  9:52  High Templar, Zealot x3  
  153  9:56  Archon x2  
  153  9:57  Zealot x2  
  163  10:03  Pylon  
  163  10:06  Pylon  
  148  10:24  Archon, Blink  
  148  10:25  Stalker x9  
  142  10:33  Colossus  
  148  10:37  Immortal  
  152  10:48  Zealot x9  
  168  11:08  Protoss Ground Weapons Level 3  
  168  11:09  High Templar x3  
  168  11:10  Zealot  
  168  11:11  Zealot  
  178  11:15  Photon Cannon  
  178  11:17  High Templar  
  180  11:24  Zealot x3  
  168  11:39  Photon Cannon  
  164  11:40  Photon Cannon  
  164  11:42  Photon Cannon, Zealot x3  
  164  11:43  Zealot x2  
  170  11:57  High Templar x4  
  170  12:01  Archon x2  
  178  12:05  Stalker x4  
  178  12:06  Stalker  
  188  12:16  Gateway  
  188  12:19  Gateway  
  188  12:29  Zealot x6  
  132  12:55  High Templar x4  
  115  13:05  Immortal x2  
  103  13:13  High Templar x4  
  103  13:17  Archon  
  103  13:18  Archon  
  103  13:19  Nexus  
  109  13:20  Pylon  
  109  13:22  Robotics Facility, Stalker  
  109  13:23  Stalker x2  
  114  13:29  Zealot x4  
  122  13:36  Immortal x2  
  130  14:01  Nexus, Zealot  
  135  14:05  Pylon  
  135  14:07  Zealot x4  
Show
View Real Time Build Order
Export as new Build Order

Lambo Zerg - Winner!

Build Orders: Hatch First, Brood Lord Corruptor 

Get SALT Encoding   

  12  0:00  Drone  
  13  0:13  Overlord  
  13  0:17  Drone  
  14  0:31  Drone x2  
  16  0:50  Hatchery  
  16  0:53  Drone  
  16  0:56  Drone  
  17  0:59  Drone  
  18  1:10  Extractor  
  17  1:14  Spawning Pool  
  17  1:18  Drone  
  17  1:21  Drone  
  18  1:28  Drone  
  19  1:39  Drone  
  20  1:50  Overlord  
  20  2:01  Queen  
  20  2:02  Queen  
  20  2:03  Zergling x4  
  26  2:12  Drone  
  26  2:13  Metabolic Boost  
  26  2:15  Drone  
  28  2:22  Drone  
  29  2:24  Drone  
  30  2:38  Hatchery  
  30  2:44  Drone x2  
  31  2:46  Drone  
  31  2:50  Overlord  
  32  2:59  Drone x2  
  33  3:09  Queen, Drone x2  
  33  3:10  Drone  
  38  3:18  Drone x4  
  42  3:22  Drone x2  
  43  3:31  Overlord, Spore Crawler  
  43  3:33  Drone  
  43  3:38  Spore Crawler, Drone  
  43  3:40  Spore Crawler  
  42  3:41  Drone  
  43  3:49  Queen  
  43  3:50  Overlord  
  43  3:51  Drone  
  43  3:52  Drone  
  43  3:55  Drone x2  
  49  4:08  Overlord  
  49  4:09  Drone x2  
  53  4:10  Queen, Drone x2  
  53  4:14  Zergling x2  
  56  4:21  Zergling x2  
  57  4:27  Roach Warren, Zergling x4  
  57  4:30  Extractor, Drone x5  
  62  4:32  Overlord, Extractor  
  62  4:34  Drone  
  62  4:36  Drone  
  63  4:45  Drone x3  
  64  4:49  Lair  
  64  4:51  Drone x2  
  66  4:57  Drone x2  
  66  4:58  Drone  
  69  5:00  Overlord  
  69  5:01  Drone x3  
  69  5:04  Drone  
  69  5:06  Overlord  
  73  5:07  Evolution Chamber  
  72  5:15  Overlord  
  72  5:16  Drone  
  72  5:19  Overlord  
  73  5:26  Overlord  
  75  5:34  Zerg Missile Weapons Level 1  
  75  5:35  Drone  
  75  5:36  Drone x3  
  75  5:37  Extractor  
  75  5:39  Extractor  
  74  5:52  Spore Crawler x2  
  74  5:53  Queen x3, Drone x4  
  74  5:56  Drone x2  
  84  6:04  Drone x9  
  91  6:10  Drone x2  
  91  6:11  Drone  
  93  6:13  Hydralisk Den  
  93  6:15  Drone  
  93  6:16  Extractor  
  91  6:23  Drone x2  
  91  6:24  Drone  
  91  6:25  Drone  
  95  6:28  Hatchery  
  93  6:41  Baneling Nest  
  93  6:43  Evolution Chamber, Infestation Pit  
  93  6:44  Overlord x3  
  93  6:46  Grooved Spines  
  90  6:52  Hydralisk x3  
  96  6:55  Overlord  
  93  7:10  Hydralisk x11  
  93  7:11  Zerg Melee Weapons Level 1  
  115  7:19  Drone x4  
  115  7:21  Drone  
  120  7:24  Drone x2  
  120  7:29  Centrifical Hooks, Zerg Missile Weapons Level 2  
  122  7:34  Drone x2  
  122  7:35  Drone  
  125  7:40  Drone  
  125  7:47  Drone x6  
  125  7:48  Drone  
  132  7:55  Spore Crawler  
  132  7:56  Extractor x2  
  132  7:57  Muscular Augments  
  129  8:00  Zergling x12  
  129  8:04  Hive  
  133  8:06  Spire  
  133  8:10  Zergling x10  
  135  8:18  Zergling x2  
  136  8:20  Overlord  
  136  8:22  Overlord  
  136  8:23  Pneumatized Carapace  
  136  8:43  Overseer  
  136  8:46  Drone x2  
  138  8:49  Drone  
  138  8:50  Zergling x24  
  138  8:51  Overlord  
  138  8:52  Overseer  
  138  8:54  Overlord  
  151  8:56  Overlord  
  151  8:59  Hatchery  
  149  9:05  Zergling x4  
  149  9:06  Zergling x2  
  152  9:10  Zerg Melee Weapons Level 2  
  152  9:12  Baneling x5  
  152  9:14  Overlord  
  152  9:23  Greater Spire  
  152  9:24  Adrenal Glands  
  152  9:30  Zergling x32  
  168  9:31  Overlord x2  
  168  9:32  Overlord x2  
  167  9:42  Corruptor x7  
  181  9:46  Baneling x23, Corruptor  
  181  9:47  Overlord  
  181  9:49  Baneling x9  
  181  9:51  Overlord  
  181  9:52  Baneling x3  
  183  9:54  Overlord  
  183  10:01  Overlord  
  183  10:08  Corruptor x2  
  181  10:20  Zergling x34  
  167  10:25  Hydralisk x4  
  167  10:26  Zergling x2  
  143  10:32  Hydralisk x3  
  144  10:36  Hydralisk x2  
  144  10:38  Hydralisk  
  144  10:40  Baneling x4  
  144  10:41  Baneling  
  142  10:42  Hydralisk  
  142  10:48  Hydralisk x2  
  148  10:50  Baneling x4  
  148  10:59  Extractor  
  148  11:00  Hydralisk x4  
  155  11:09  Zergling x8  
  157  11:13  Baneling x8  
  157  11:16  Zergling x6  
  160  11:18  Hatchery  
  160  11:23  Zergling x14  
  166  11:32  Zergling x14  
  169  11:35  Zerg Missile Weapons Level 3  
  167  11:41  Hydralisk x3  
  167  11:42  Zergling x2  
  173  11:51  Overlord  
  173  11:56  Zergling x22  
  173  11:59  Baneling x5  
  184  12:04  Baneling x7  
  184  12:06  Hydralisk  
  186  12:11  Zerg Flyer Weapons Level 1  
  186  12:15  Hydralisk  
  186  12:16  Hydralisk x2, Zergling x2  
  186  12:17  Zergling x2  
  186  12:19  Zergling x4  
  196  12:24  Baneling x10  
  196  12:29  Overlord  
  196  12:33  Zergling x8  
  189  12:46  Hydralisk x5  
  189  12:47  Zergling x10  
  189  12:49  Hydralisk  
  189  12:50  Zergling x2  
  173  12:52  Zergling x4  
  172  13:12  Zergling x10  
  172  13:13  Zergling x22  
  183  13:28  Brood Lord x6  
  183  13:31  Brood Lord  
  197  13:37  Brood Lord  
  199  13:41  Baneling  
  199  13:42  Baneling x2  
  199  14:00  Baneling x8  
Tags
 
Add a new tag
Caveats
  • Supply blocks, unpowered buildings, or Contaminate may cause inaccurate times.
  • Supply counts are checked every 10 seconds.